 Dungeon Crawl Stone Soup version 0.30-a0-219-gf2db51d15e (webtiles) character file.

Game seed: 12132859054731545098

2074 sleeves the Covert (level 9, -4/42 HPs)
             Began as a Vine Stalker Brigand on Oct 7, 2022.
             Was an Initiate of Kikubaaqudgha.
             Killed from afar by an electric eel (11 damage)
             ... with a bolt of electricity
             ... on level 6 of the Dungeon.
             The game lasted 00:12:34 (5518 turns).

sleeves the Covert (Vine Stalker Brigand)           Turns: 5518, Time: 00:12:34

Health: -4/42      AC:  6    Str: 11 (13) XL:     9   Next: 26%
Magic:  0/10       EV: 11    Int: 16 (18) God:    Kikubaaqudgha [......]
Gold:   334        SH:  0    Dex: 16 (17) Spells: 2/8 levels left

rFire   . . .      SeeInvis .    t - +2 short sword (flame)
rCold   . . .      Faith    .    (no shield)
rNeg    . . .      Spirit   +    G - +0 troll leather armour
rPois   .          Reflect  .    w - +0 helmet {Int+3}
rElec   .          Harm     .    c - +0 cloak
rCorr   .          Rampage  .    (no gloves)
Will    +....                    (no boots)
Stlth   +++++.....               (no amulet)
HPRegen 1.87/turn                (no ring)
MPRegen 0.12/turn                (no ring)

@: no status effects
A: fangs 3, regeneration 1, magic shield, antimagic bite, no potion heal 2
a: Renounce Religion


You were on level 6 of the Dungeon.
You worshipped Kikubaaqudgha.
Kikubaaqudgha was noncommittal.
You visited 2 branches of the dungeon, and saw 7 of its levels.
You also visited: Ossuary.

You collected 334 gold pieces.

Inventory:

Hand Weapons
 a - a +2 dagger
 t - a +2 short sword of flaming (weapon)
   (You took it off an orc on level 3 of the Dungeon)
Missiles
 d - 11 poisoned darts
 e - 4 curare-tipped darts (quivered)
 v - 3 boomerangs
Armour
 c - a +0 cloak (worn)
 w - a +0 helmet of intelligence (worn)
   (You took it off Robin on level 3 of the Dungeon)
 G - a +0 troll leather armour (worn)
   (You found it on level 5 of the Dungeon)
Magical Staves
 i - a staff of air
   (You found it on level 1 of the Dungeon)
Jewellery
 H - a ring of ice
   (You found it on level 6 of the Dungeon)
Wands
 m - a wand of paralysis (7)
   (You found it on level 2 of the Dungeon)
Scrolls
 b - 2 scrolls of fear {unknown}
 g - a scroll of amnesia {unknown}
 k - 4 scrolls of teleportation {unknown}
 l - a scroll of silence {unknown}
 n - a scroll of vulnerability {unknown}
 r - 3 scrolls of poison {unknown}
 y - a scroll of noise {unknown}
 z - 2 scrolls of enchant weapon {unknown}
 A - 3 scrolls of identify {unknown}
 C - 2 scrolls of enchant armour {unknown}
 I - a scroll of torment {unknown}
Potions
 f - 3 potions of degeneration
 h - 2 potions of curing {unknown}
 j - a potion of haste {unknown}
 o - 2 potions of brilliance {unknown}
 p - 2 potions of ambrosia {unknown}
 q - 3 potions of resistance {unknown}
 s - a potion of cancellation {unknown}
 u - 4 potions of heal wounds {unknown}
 x - a potion of mutation {unknown}
 B - a potion of berserk rage {unknown}
 D - a potion of invisibility {unknown}
 E - 2 potions of flight {unknown}
 F - a potion of attraction {unknown}


   Skills:
 - Level 1.7 Fighting
 - Level 6.0 Short Blades
 - Level 1.7 Throwing
 - Level 0.7 Dodging
 + Level 10.9 Stealth
 + Level 6.3 Hexes
 + Level 1.7 Necromancy


You had 2 spell levels left.
You knew the following spells:

 Your Spells              Type           Power      Damage    Failure   Level
a - Confusing Touch       Hex            20%        N/A       8%          3
b - Vampiric Draining     Necr           5%         2d6       45%         3

Your spell library contained the following spells:

 Spells                   Type           Power      Damage    Failure   Level
 Slow                     Hex            80%        N/A       2%          1
 Sublimation of Blood     Necr           5%         N/A       26%         2
 Magic Dart               Conj           0%         1d3       32%         1
 Shock                    Conj/Air       0%         1d3       32%         1
 Summon Small Mammal      Summ           0%         N/A       32%         1
 Searing Ray              Conj           0%         2d4       45%         2
 Summon Guardian Golem    Hex/Summ       10%        N/A       26%         3
 Fulminant Prism          Conj/Hex       5%         3d7       65%         4
 Call Canine Familiar     Summ           0%         N/A       69%         3
 Ignite Poison            Fire/Tmut/Pois 0%         N/A       69%         3
 Kindle Blastsparks       Fire/Tloc/Air  0%         2d10      69%         3
 Swiftness                Air            0%         N/A       69%         3
 Airstrike                Air            0%         2d(0-16)  97%         4
 Petrify                  Tmut/Erth      0%         N/A       97%         4
 Freezing Cloud           Conj/Ice/Air   0%         6-21      100%        5
 Irradiate                Conj/Tmut      0%         3d11      100%        5


Dungeon Overview and Level Annotations

Branches:
Dungeon (6/15)             Temple (1/1) D:5         Ossuary (visited)

Altars:
Ashenzari
Cheibriados
Dithmenos
Elyvilon
Fedhas
Gozag
Hepliaklqana
Kikubaaqudgha
Makhleb
Nemelex Xobeh
Okawaru
Ru
Sif Muna
Trog
Uskayaw
Vehumet
Wu Jian
Xom
Yredelemnul
Zin
The Shining One

Annotations:
D:3 3 runed translucent doors, Darkkill's ghost, amateur HuHu


Innate Abilities, Weirdness & Mutations

You have razor-sharp teeth.
Your natural rate of healing is unusually fast.
When hurt, damage is shared between your health and your magic reserves.
Your bite disrupts and absorbs the magic of your enemies.
Potions cannot restore your health.


Message History

No target in view!
No target in view!
No target in view!
No target in view!
No target in view!
No target in view!
No target in view!
No target in view!
HP restored.
You open the door. 2 mummies come into view.
Found a gate leading back out of this place.
There are monsters nearby!
There are monsters nearby!
There is an open door here.
The helpless mummy fails to defend itself.
You stick the mummy like a pincushion!!!
You burn the mummy.
You destroy the mummy!
You hit the mummy. You burn the mummy. You bite the mummy. You drain its power.
The mummy is severely damaged.
You hit the mummy. You burn the mummy.
You destroy the mummy!
No target in view!
No target in view!
No target in view!
No target in view!
No target in view!
No target in view!
No target in view!
No target in view!
There is a gate leading back out of this place here.
You open the door.
There is an open door here.
q - 3 murky red potions (gained 1)
B - a green potion
r - 2 scrolls labelled QEGOIBLEGH (gained 1)
C - 2 scrolls labelled VOOSTR KEROTYDO
f - 3 metallic amethyst potions (gained 2)
D - a bubbling silvery potion
E - 2 fuming puce potions
f - 4 metallic amethyst potions (gained 1)
u - 2 ruby potions (gained 1)
You now have 271 gold pieces (gained 14).
F - a lumpy cyan potion Done exploring.
Done exploring.
There is an open door here.
There is a gate leading back out of this place here.
Welcome back to the Dungeon!
There is a collapsed entrance here.
There is an open door here.
An iguana comes into view.
An iguana is nearby!
An iguana is nearby!
The helpless iguana fails to defend itself.
You spit the iguana like a pig!!! You burn the iguana.
You kill the iguana!
Found a club.
You see here a +0 club.
A troll comes into view.
A troll is nearby!
The troll shouts!
You see here an iguana corpse.
There is a stone staircase leading up here.
Aiming: Paralyse
Press: ? - help, Shift-Dir - straight line, f - troll
Aim: a troll (chance to affect: 49%)
The troll resists with some effort.
You climb upwards.
There is a stone staircase leading down here.
There is an open door here.
There is a stone staircase leading down here.
You climb downwards.
There is a stone staircase leading up here.
An ogre comes into view. It is wielding a +0 giant club.
An ogre is nearby!
An ogre is nearby!
An ogre is nearby!
The helpless ogre fails to defend itself.
You stick the ogre like a pincushion!!! You burn the ogre!
You kill the ogre!
Your Stealth skill increases to level 9!
You see here a +0 giant club.
Found 3 stones.
An orc comes into view. It is wielding a +0 mace.
Found a ring mail.
Found a stone staircase leading up.
The orc shouts!
You hear a shout!
An orc comes into view. It is wielding a +0 dagger.
There are monsters nearby!
There are monsters nearby!
An orc priest comes into view. It is wielding a +0 dagger.
An orc comes into view. It is wielding a +0 dagger.
The orc moves out of view.
There is a stone staircase leading up here.
You hit the orc. You burn the orc.
You kill the orc!
Things that are here:
a +0 mace; a +0 leather armour The orc shouts! x2
The orc priest invokes the aid of Beogh against you.
Beogh smites you!
You hit the orc priest but do no damage.
The orc priest hits you with a +0 dagger.
You hit the orc priest. You burn the orc priest.
You bite the orc priest, but do no damage.
The orc priest is moderately wounded.
The orc priest barely misses you.
You barely miss the orc priest.
The orc priest is moderately wounded.
You barely miss the orc priest.
The orc priest is moderately wounded.
The orc priest hits you with a +0 dagger.
You barely miss the orc priest. You bite the orc priest. You drain its power.
You feel invigorated.
The orc priest is severely wounded.
The orc priest invokes the aid of Beogh against you.
Beogh smites you!
You are too injured to fight recklessly!
You are too injured to fight recklessly!
You hit the orc priest. You burn the orc priest.
You bite the orc priest, but do no damage.
The orc priest is almost dead.
The orc priest mumbles some strange prayers to Beogh against you.
Beogh smites you!
* * * LOW HITPOINT WARNING * * *
You hit the orc priest. You burn the orc priest.
You kill the orc priest!
You hit the orc. You burn the orc.
The orc is moderately wounded.
The orc closely misses you.
You hit the orc. You burn the orc. You bite the orc.
You kill the orc!
The orc hits you with a +0 dagger.
* * * LOW HITPOINT WARNING * * *
You hit the orc but do no damage. Your bite misses the orc.
You hit the orc but do no damage. You bite the orc. You drain its power.
You feel invigorated.
The orc is almost dead.
The orc barely misses you.
You hit the orc. You burn the orc.
You kill the orc!
HP restored.
Found a stone staircase leading down.
Found 8 stones.
There is a stone staircase leading down here.
A hound comes into view.
The hound barks!
You hit the hound but do no damage. Your bite misses the hound.
The hound closely misses you.
You hit the hound. You burn the hound.
The hound is lightly wounded.
The hound barely misses you.
You hit the hound. You burn the hound.
The hound is heavily wounded.
The hound closely misses you.
You hit the hound. You burn the hound. You bite the hound.
You kill the hound!
No target in view!
No target in view!
You see here a hound corpse.
Found a chain mail.
A hound comes into view.
A hound is nearby!
A hound is nearby!
No target in view!
No target in view!
No target in view!
Found a stone staircase leading down.
The hound barks!
A hound is nearby!
A hound is nearby!
Found a scroll labelled PUIXTY GIXUOD.
The hound pauses to sniff the ground.
A kobold comes into view. It is wielding a +0 short sword. x2
The kobold shouts! x2; You hear a shout! x4
You hit the hound. You burn the hound. You bite the hound. You drain its power.
The hound is moderately wounded.
You hear a shout! x2
The hound bites you.
You hit the hound. You burn the hound. Your bite misses the hound.
The hound is severely wounded.
The hound closely misses you. The kobold closely misses you.
You closely miss the hound.
The hound is severely wounded.
The hound bites you but does no damage. The kobold hits you but does no damage.
You barely miss the hound. Your bite misses the hound.
The hound is severely wounded.
The hound barely misses you.
You hit the hound but do no damage. Your bite misses the hound.
The hound is severely wounded.
The hound completely misses you.
You hit the hound. You burn the hound.
The hound is almost dead.
The hound bites you but does no damage.
The kobold hits you with a +0 short sword.
You hit the hound. You burn the hound.
You kill the hound!
A kobold comes into view. It is wielding a +0 whip.
The kobold hits you but does no damage.
A kobold brigand comes into view.
It is wielding a +0 dagger and quivering curare-tipped darts.
The kobold hits you but does no damage.
You barely miss the kobold. You hit the kobold. You burn the kobold.
Your bite misses the kobold.
The kobold is heavily wounded.
The kobold hits you with a +0 short sword.
You closely miss the kobold.
The kobold is heavily wounded.
A kobold comes into view. It is wielding a +0 dagger.
The kobold barely misses you. x2
You barely miss the kobold. Your bite misses the kobold.
The kobold is heavily wounded.
The kobold hits you with a +0 whip. The kobold closely misses you.
The kobold barely misses you.
You hit the kobold. You burn the kobold.
You kill the kobold!
You hit the kobold. You burn the kobold. Your bite misses the kobold.
The kobold is severely wounded.
The kobold closely misses you.
A kobold comes into view. It is wielding a +0 club.
You barely miss the kobold.
The kobold is severely wounded.
The kobold hits you but does no damage. The kobold hits you with a +0 whip.
The kobold brigand hits you but does no damage.
You hit the kobold. You burn the kobold.
You kill the kobold!
You hit the kobold brigand but do no damage.
Your bite misses the kobold brigand.
A kobold comes into view. It is wielding a +0 short sword.
The kobold brigand misses you. The kobold hits you but does no damage.
You hit the kobold brigand. You burn the kobold brigand.
Your bite misses the kobold brigand.
The kobold brigand is lightly wounded.
The kobold brigand hits you with a +0 dagger.
The kobold misses you.
Unknown command.
The kobold hits you but does no damage.
An iguana comes into view.
You closely miss the kobold.
The iguana hisses angrily.
You bite the kobold.
You kill the kobold!
The kobold brigand throws a curare-tipped dart.
The curare-tipped dart hits you.
You are poisoned.
You have difficulty breathing.
You feel yourself slow down.
The kobold throws a stone.
The stone barely misses you.
Okay, then.
Okay, then.
Unknown command.
Okay, then.
You swing at nothing.
You feel very sick.
Aiming: Paralyse
Press: ? - help, Shift-Dir - straight line, f - iguana
Aim: an iguana (chance to affect: 57%)
The iguana suddenly stops moving!
You feel very sick. The kobold barely misses you.
You feel sick. The kobold hits you but does no damage.
The helpless iguana fails to defend itself.
You skewer the iguana like a kebab!!! You burn the iguana!
You kill the iguana!
You feel sick.
You barely miss the kobold brigand. You bite the kobold brigand.
You drain its power.
You feel invigorated.
The kobold brigand is lightly wounded.
You feel sick.
You barely miss the kobold brigand. You bite the kobold brigand.
You drain its power.
You feel invigorated.
The kobold brigand is lightly wounded.
You feel sick. The kobold brigand barely misses you.
You barely miss the kobold brigand.
You bite the kobold brigand, but do no damage.
The kobold brigand is lightly wounded.
You feel sick. The kobold brigand closely misses you.
You hit the kobold brigand. You burn the kobold brigand.
You bite the kobold brigand, but do no damage.
The kobold brigand is heavily wounded.
You feel sick.
You are no longer poisoned.
The kobold brigand barely misses you.
You hit the kobold brigand. You burn the kobold brigand.
Your bite misses the kobold brigand.
The kobold brigand is severely wounded.
The kobold brigand hits you but does no damage.
You barely miss the kobold brigand. Your bite misses the kobold brigand.
The kobold brigand is severely wounded.
The kobold brigand hits you but does no damage.
You hit the kobold brigand but do no damage.
The kobold brigand is severely wounded.
You closely miss the kobold. Your bite misses the kobold.
The kobold brigand hits you with a +0 dagger.
The kobold barely misses you.
You hit the kobold brigand. You burn the kobold brigand.
You bite the kobold brigand.
You kill the kobold brigand!
The kobold barely misses you.
You hit the kobold. You burn the kobold.
You punch the kobold, but do no damage.
The kobold is heavily wounded.
You feel yourself speed up. The kobold hits you but does no damage.
The kobold closely misses you.
You hit the kobold but do no damage. You bite the kobold.
You kill the kobold!
You barely miss the kobold.
The kobold hits you with a +0 short sword.
You closely miss the kobold. Your bite misses the kobold.
The kobold hits you with a +0 club. The kobold closely misses you.
You hit the kobold. You burn the kobold.
The kobold is severely wounded.
The kobold hits you but does no damage. The kobold closely misses you.
You completely miss the kobold.
The kobold is severely wounded.
You hit the kobold. You burn the kobold.
You kill the kobold!
The kobold hits you but does no damage.
You closely miss the kobold. Your bite misses the kobold.
The kobold hits you but does no damage.
You barely miss the kobold. Your bite misses the kobold.
The kobold hits you with a +0 short sword.
You hit the kobold. You burn the kobold.
You kill the kobold!
No target in view!
No target in view!
No target in view!
No target in view!
No target in view!
No target in view!
No target in view!
No target in view!
No target in view!
e - 4 curare-tipped darts (gained 1)
Items here: )) ††.
Items here: ( )) ††.
Things that are here:
a +0 dagger; 2 stones; a kobold corpse An ufetubus comes into view.
You see here a scroll labelled PUIXTY GIXUOD.
An ufetubus is nearby!
An ufetubus is nearby!
A - 2 scrolls labelled PUIXTY GIXUOD (gained 1)
The ufetubus shouts!
There is a stone staircase leading down here.
The ufetubus closely misses you. The ufetubus misses you.
You hit the ufetubus. You burn the ufetubus.
The ufetubus is moderately wounded.
The ufetubus hits you but does no damage.
The ufetubus hits you.
You closely miss the ufetubus.
The ufetubus is moderately wounded.
The ufetubus barely misses you. The ufetubus misses you.
You miss the ufetubus.
The ufetubus is moderately wounded.
The ufetubus hits you. The ufetubus closely misses you.
You closely miss the ufetubus. Your bite misses the ufetubus.
The ufetubus is moderately wounded.
The ufetubus barely misses you. The ufetubus misses you.
You hit the ufetubus. You burn the ufetubus.
You bite the ufetubus, but do no damage.
The ufetubus is almost dead.
The ufetubus hits you.
The ufetubus hits you but does no damage.
You hit the ufetubus. You burn the ufetubus.
You kill the ufetubus!
No target in view!
No target in view!
No target in view!
No target in view!
No target in view!
Magic restored.
Found a staircase to the Ecumenical Temple.
r - 3 scrolls labelled QEGOIBLEGH (gained 1)
You pick up a book of Callings and begin reading...
You add the spells Summon Small Mammal, Call Canine Familiar and Summon Guardian Golem to your library.
Found a spear.
(D) Dungeon (T) Temple
Where to? (Enter - D:4 @ (x,y), ? - help)
There is a staircase to the Ecumenical Temple here.
You climb downwards.
Welcome to the Ecumenical Temple!
Found six altars.
Found two transporters.
There is a staircase back to the Dungeon here.
Found two transporters.
Found a hide-covered altar of Uskayaw and a radiant altar of Vehumet.
Found four altars.
Found a broken altar of Ashenzari and a shimmering blue altar of Sif Muna.
Found a shimmering altar of Xom.
Partly explored, unvisited transporter.
Partly explored, unvisited transporter.
Partly explored, unvisited transporter.
Partly explored, unvisited transporter.
Partly explored, unvisited transporter.
Partly explored, unvisited transporter.
Found a glowing silver altar of Zin.
Found a blossoming altar of Fedhas.
There is a transporter here.
You enter the transporter and appear at another place.
There is a transporter here.
You enter the transporter and appear at another place.
There is a transporter here.
You enter the transporter and appear at another place.
There is a transporter here.
You enter the transporter and appear at another place.
Search for what [Enter for "armor", or ? for help]? kiku
There is a staircase back to the Dungeon here.
You climb upwards.
Welcome back to the Dungeon!
There is a staircase to the Ecumenical Temple here.
There is a stone staircase leading down here.
There is a stone staircase leading up here.
You climb upwards.
There is a stone staircase leading down here.
There is a stone staircase leading up here.
You climb upwards.
Level annotation: 3 runed translucent doors, Darkkill's ghost, amateur HuHu
There is a stone staircase leading down here.
You open the door.
There is an open door here.
There is an ancient bone altar of Kikubaaqudgha here.
You kneel at the altar of Kikubaaqudgha.
Kikubaaqudgha welcomes you!
Unknown command.
Press < or > to pray at altars.
(D) Dungeon (T) Temple
Where to? (Enter - D:3 @ (x,y), ? - help)
There is an open door here.
There is a stone staircase leading down here.
You climb downwards.
There is a stone staircase leading up here.
Unknown command.
Unknown command.
Unknown command.
This spell is extremely dangerous to cast!
Memorise Vampiric Draining, consuming 3 spell levels and leaving 1?
You start memorising the spell.
You continue memorising. x3
You finish memorising.
Spell assigned to 'b'.
Okay, then.
Done exploring.
Done exploring.
Done exploring.
Done exploring.
(D) Dungeon (T) Temple
Where to? (Enter - D:4, ? - help)
There is a stone staircase leading down here.
You climb downwards.
There is a stone staircase leading up here.
You see here a +0 ring mail.
Found an escape hatch in the ceiling.
There is an escape hatch in the ceiling here.
An iguana comes into view.
(D) Dungeon (T) Temple
Where to? (Enter - D:5, ? - help)
Okay, then.
The iguana bites you!
You hit the iguana but do no damage. Your bite misses the iguana.
The iguana bites you but does no damage.
You hit the iguana. You burn the iguana. Your bite misses the iguana.
The iguana is lightly wounded.
The iguana barely misses you.
You hit the iguana but do no damage. You bite the iguana, but do no damage.
The iguana is lightly wounded.
The iguana barely misses you.
You hit the iguana but do no damage. Your bite misses the iguana.
The iguana is lightly wounded.
You hit the iguana. You burn the iguana.
You punch the iguana, but do no damage. You bite the iguana!
You kill the iguana!
Kikubaaqudgha accepts your kill.
No target in view!
No target in view!
No target in view!
No target in view!
No target in view!
No target in view!
No target in view!
No target in view!
No target in view!
No target in view!
HP restored.
Magic restored.
A troll is nearby!
A troll is nearby!
Aiming: Paralyse
Press: ? - help, Shift-Dir - straight line, f - troll
Aim: a troll (wandering, hasn't noticed you, chance to affect: 49%)
The troll shouts!
The troll suddenly stops moving!
An iguana comes into view.
The helpless troll fails to defend itself.
You stick the troll like a pincushion!!!
You burn the troll.
You kill the troll!
Kikubaaqudgha accepts your kill.
The troll leather armour is intact enough to wear.
Training target 6.0 for Short Blades reached!
Your Short Blades skill increases to level 6!
Your Hexes skill increases to level 5!
Things that are here:
a +0 troll leather armour; a troll corpse
G - a +0 troll leather armour No target in view!
No target in view!
Found 16 gold pieces.
No target in view!
No target in view!
No target in view!
No target in view!
The iguana bites you.
You hit the iguana. You burn the iguana. You bite the iguana!
You drain its power.
The iguana is severely wounded.
You hit the iguana but do no damage. Your bite misses the iguana.
The iguana is severely wounded.
The iguana bites you!
You hit the iguana but do no damage.
The iguana is severely wounded.
The iguana bites you.
You hit the iguana. You burn the iguana.
The iguana is almost dead.
You hit the iguana but do no damage.
The iguana is almost dead.
The iguana bites you.
You closely miss the iguana. You bite the iguana.
You kill the iguana!
Kikubaaqudgha accepts your kill.
No target in view!
No target in view!
No target in view!
No target in view!
No target in view!
You start removing your armour.
You continue taking off your +0 ring mail. x4
You finish taking off your +0 ring mail.
You start putting on your armour.
You continue putting on your +0 troll leather armour. x5
You finish putting on your +0 troll leather armour.
The armour throbs as it attunes itself to your uninjured body.
Unknown command.
You drop a +0 ring mail.
You now have 287 gold pieces (gained 16).
u - 4 ruby potions (gained 2)
You see here a +0 spear.
Found a trident.
You see here a +0 trident.
You see here a troll corpse.
Found an escape hatch in the floor.
There is an escape hatch in the floor here.
g - a scroll labelled ROMEYDGHETUR
Things that are here:
a +0 short sword; a +0 dagger
Things that are here:
a +0 club; 3 stones; a +0 short sword
Things that are here:
2 stones; a +0 dagger Done exploring.
Done exploring.
Done exploring.
Done exploring.
(D) Dungeon (T) Temple
Where to? (Enter - D:5, ? - help)
There is a stone staircase leading down here.
You climb downwards.
Found a stone staircase leading up.
There is a stone staircase leading up here.
Unknown command.
Unknown command.
Found a stone staircase leading up.
Found 6 stones.
You enter the shallow water.
Moving in this stuff is going to be slow.
An electric eel comes into view.
Your unstable footing causes you to fumble your attack.
The helpless electric eel fails to defend itself.
You stick the electric eel like a pincushion!!!
You burn the electric eel.
You kill the electric eel!
Kikubaaqudgha accepts your kill.
An electric eel comes into view.
An electric eel is nearby!
An electric eel is nearby!
A necrophage comes into view.
The necrophage closely misses you.
You closely miss the necrophage. You bite the necrophage. You drain its power.
The necrophage is lightly damaged.
The necrophage hits you but does no damage.
You hit the necrophage. You burn the necrophage.
The necrophage is lightly damaged.
The necrophage closely misses you.
You hit the necrophage. You burn the necrophage.
Your bite misses the necrophage.
The necrophage is moderately damaged.
You closely miss the necrophage. You bite the necrophage. You drain its power.
The necrophage is moderately damaged.
The necrophage hits you but does no damage.
You hit the necrophage. You burn the necrophage.
The necrophage is moderately damaged.
The necrophage hits you but does no damage.
You hit the necrophage. You burn the necrophage.
Your bite misses the necrophage.
The necrophage is heavily damaged.
You hit the necrophage. You burn the necrophage. You bite the necrophage.
You drain its power.
The necrophage is severely damaged.
The necrophage hits you.
You feel drained.
You hit the necrophage. You burn the necrophage.
You bite the necrophage, but do no damage.
The necrophage is almost destroyed.
The necrophage hits you.
You hit the necrophage. You burn the necrophage.
You destroy the necrophage!
Kikubaaqudgha accepts your kill.
Your life force feels restored.
Your Stealth skill increases to level 10!
No target in view!
HP restored.
A scorpion comes into view.
A scorpion is nearby!
A scorpion is nearby!
A scorpion is nearby!
You enter the shallow water.
Moving in this stuff is going to be slow.
You closely miss the scorpion. You closely miss the scorpion.
Your bite misses the scorpion. The scorpion barely misses you.
You hit the scorpion. You burn the scorpion.
The scorpion is lightly wounded.
The scorpion closely misses you.
You hit the scorpion but do no damage.
The scorpion is lightly wounded.
The scorpion closely misses you.
You hit the scorpion. You burn the scorpion.
The scorpion is moderately wounded.
You hit the scorpion. You burn the scorpion.
You bite the scorpion, but do no damage.
The scorpion is severely wounded.
The scorpion splashes around in the water.
You barely miss the scorpion. Your bite misses the scorpion.
The scorpion is severely wounded.
The scorpion closely misses you.
You closely miss the scorpion.
The scorpion is severely wounded.
The scorpion splashes around in the water.
You hit the scorpion but do no damage.
The scorpion is severely wounded.
The scorpion stings you but does no damage.
You hit the scorpion. You burn the scorpion.
You kill the scorpion!
Kikubaaqudgha accepts your kill.
You have reached level 9!
Your experience leads to an increase in your attributes!
Your base attributes are Str 13, Int 13, Dex 17.
Increase (S)trength, (I)ntelligence, or (D)exterity?
You feel clever. x2
A sky beast comes into view.
A sky beast is nearby!
A sky beast is nearby!
A sky beast is nearby!
The sky beast flickers out of sight!
Deactivating autopickup; reactivate with Ctrl-A.
No target in view!
No target in view!
A sky beast appears from thin air!
Reactivating autopickup.
You barely miss the sky beast. The sky beast misses you.
You miss the sky beast. Your bite misses the sky beast. You hit the sky beast.
You burn the sky beast. You bite the sky beast. You drain its power.
The sky beast is moderately wounded.
The sky beast hits you but does no damage.
You closely miss the sky beast.
The sky beast is moderately wounded.
The sky beast hits you. The sky beast shocks you.
You miss the sky beast. Your bite misses the sky beast.
The sky beast is moderately wounded.
The sky beast hits you. The sky beast shocks you.
You closely miss the sky beast. Your bite misses the sky beast.
The sky beast is moderately wounded.
You barely miss the sky beast. Your bite misses the sky beast.
The sky beast is moderately wounded.
The sky beast hits you but does no damage.
You hit the sky beast. You burn the sky beast. Your bite misses the sky beast.
The sky beast is heavily wounded.
The sky beast misses you.
You hit the sky beast. You burn the sky beast.
You bite the sky beast, but do no damage.
The sky beast is severely wounded.
You hit the sky beast. You burn the sky beast.
The sky beast is almost dead.
The sky beast hits you but does no damage.
You barely miss the sky beast. Your bite misses the sky beast.
The sky beast is almost dead.
The sky beast flickers out of sight!
Deactivating autopickup; reactivate with Ctrl-A.
Something hits you but does no damage.
You puncture something! You burn something. Kikubaaqudgha accepts your kill.
Reactivating autopickup.
You feel a bit more experienced.
Training target 6.0 for Hexes reached!
Your Hexes skill increases to level 6!
Magic restored.
An adder comes into view.
Found 10 gold pieces.
An adder is nearby!
Found a stone staircase leading down.
You see here a ring of ice.
The helpless adder fails to defend itself.
You stick the adder like a pincushion!!!
You burn the adder.
You kill the adder!
Kikubaaqudgha accepts your kill.
You now have 297 gold pieces (gained 10).
H - a ring of ice A black bear comes into view.
A black bear is nearby!
No reachable target in view!
Unknown command.
You enter the shallow water.
Moving in this stuff is going to be slow.
The black bear growls angrily.
You hit the black bear. You burn the black bear. You bite the black bear.
You drain its power.
The black bear is lightly wounded.
You barely miss the black bear. You bite the black bear. You drain its power.
The black bear is heavily wounded.
You hit the black bear. You burn the black bear.
Your punch misses the black bear. You bite the black bear. You drain its power.
The black bear is almost dead.
The black bear splashes around in the water.
The black bear claws you but does no damage.
The black bear misses you.
You hit the black bear but do no damage.
Your bite misses the black bear.
The black bear is severely wounded.
The black bear bites you.
The black bear splashes around in the water.
The black bear completely misses you.
You hit the black bear. You burn the black bear.
You kill the black bear!
Kikubaaqudgha accepts your kill.
No target in view!
No target in view!
Unknown command.
You enter the shallow water.
Moving in this stuff is going to be slow.
An electric eel comes into view.
You see here a +1 flail of protection.
You now have 309 gold pieces (gained 12).
You enter the shallow water.
Moving in this stuff is going to be slow.
An electric eel is nearby!
An electric eel is nearby!
The electric eel shoots out a bolt of lightning at you!
The bolt of electricity hits you.
Found a stone staircase leading down.
You now have 322 gold pieces (gained 13).
Found a stone staircase leading down.
A water moccasin comes into view.
A water moccasin is nearby!
The water moccasin hisses angrily.
A howler monkey comes into view.
You closely miss the water moccasin. You bite the water moccasin!
You drain its power.
The water moccasin is moderately wounded.
The water moccasin bites you.
You are poisoned.
The water moccasin poisons you!
You miss the water moccasin. Your bite misses the water moccasin.
The water moccasin is moderately wounded.
You feel very sick. The water moccasin bites you.
You are more poisoned.
The water moccasin poisons you!
You hit the water moccasin. You burn the water moccasin.
You bite the water moccasin. You drain its power.
The water moccasin is heavily wounded.
You feel very sick.
The water moccasin bites you but does no damage.
You hit the water moccasin. You burn the water moccasin.
Your bite misses the water moccasin.
The water moccasin is severely wounded.
You feel very sick. The water moccasin barely misses you.
You hit the water moccasin. You burn the water moccasin.
The water moccasin is almost dead.
You feel very sick. The water moccasin bites you!
You are more poisoned.
The water moccasin poisons you!
You closely miss the water moccasin.
The water moccasin is severely wounded.
You feel very sick. The water moccasin misses you.
Unknown command.
Cast which spell? (? or * to list)
Your hands begin to glow red.
You feel very sick. The water moccasin bites you.
* * * LOW HITPOINT WARNING * * *
You are more poisoned.
The water moccasin poisons you!
Press: ? - help, v - describe, . - travel
Here: a water moccasin (severely wounded, chance to confuse on hit: 54%)
The floor.
Unknown command.
Unknown command.
Unknown command.
Unknown command.
It was a potion of degeneration.
There was something very wrong with that liquid.
You feel weakened.
You feel dopey.
You feel clumsy.
* * * LOW HITPOINT WARNING * * *
You feel very sick.
The water moccasin bites you but does no damage.
You hit the water moccasin but do no damage.
The water moccasin appears confused.
The water moccasin is severely wounded.
* * * LOW HITPOINT WARNING * * *
You feel very sick.
You catch the helpless water moccasin completely off-guard!
You puncture the water moccasin! You burn the water moccasin.
You kill the water moccasin!
Kikubaaqudgha accepts your kill.
* * * LOW HITPOINT WARNING * * *
You feel very sick.
Your Necromancy skill increases to level 1!
* * * LOW HITPOINT WARNING * * *
You feel very sick.
You feel very sick.
You start resting.
You feel very sick.
You feel sick. x8
You are no longer poisoned.
You start resting.
HP restored.
You start resting.
Magic restored.
Found a fuming blue potion.
Found a scroll labelled AMAEVIUKHAO.
No target in view!
No target in view!
No target in view!
o - 2 fuming blue potions (gained 1)
A howler monkey is nearby!
No target in view!
No target in view!
No target in view!
No target in view!
No target in view!
No target in view!
No target in view!
No target in view!
A howler monkey is nearby!
The howler monkey howls!
You hit the howler monkey. You burn the howler monkey.
The howler monkey is lightly wounded.
You hit the howler monkey. You burn the howler monkey.
Your bite misses the howler monkey.
The howler monkey is heavily wounded.
The howler monkey barely misses you.
You hit the howler monkey. You burn the howler monkey.
You kill the howler monkey!
Kikubaaqudgha accepts your kill.
No target in view!
No target in view!
No target in view!
k - 4 scrolls labelled AMAEVIUKHAO (gained 1)
An adder comes into view.
An adder is nearby!
An adder is nearby!
The helpless adder fails to defend itself.
You spit the adder like a pig!!! You burn the adder.
You kill the adder!
Kikubaaqudgha accepts your kill.
You see here an adder corpse.
I - a scroll labelled NINOASTR TOABBU You enter the shallow water.
Moving in this stuff is going to be slow.
An adder comes into view.
An adder is nearby!
An adder is nearby!
You closely miss the adder. You bite the adder, but do no damage.
The adder bites you but does no damage.
You barely miss the adder. Your bite misses the adder.
The adder closely misses you.
You hit the adder. You burn the adder. Your bite misses the adder.
The adder is lightly wounded.
The adder barely misses you.
You hit the adder. You burn the adder. Your punch misses the adder.
You bite the adder.
You kill the adder!
Kikubaaqudgha accepts your kill.
No target in view!
No target in view!
No target in view!
No target in view!
No target in view!
No target in view!
Found a sling.
You now have 334 gold pieces (gained 12).
z - 2 scrolls labelled KUH FEUDYIJ (gained 1)
You enter the shallow water.
Moving in this stuff is going to be slow.
You see here a +0 sling.
Found a cloak.
Found an ornate altar of the Wu Jian Council.
You see here a staff of air.
An electric eel comes into view.
An electric eel is nearby!
An electric eel is nearby!
An electric eel is nearby!
Okay, then.
You enter the shallow water.
Moving in this stuff is going to be slow.
The electric eel shoots out a bolt of lightning at you!
The bolt of electricity misses you.
The electric eel shoots out a bolt of lightning at you!
The bolt of electricity hits you!
A hound comes into view.
The electric eel shoots out a bolt of lightning at you!
The bolt of electricity hits you!
The hound barks!
Found a scroll labelled PUIXTY GIXUOD.
The hound closely misses you.
You hit the hound. You burn the hound.
The hound is moderately wounded.
The hound bites you.
You hit the hound. You burn the hound. You bite the hound. You drain its power.
You feel invigorated.
The hound is almost dead.
The hound bites you.
You hit the hound. You burn the hound.
You kill the hound!
Kikubaaqudgha accepts your kill.
No target in view!
No target in view!
No target in view!
No target in view!
No target in view!
You see here a hound corpse.
A - 3 scrolls labelled PUIXTY GIXUOD (gained 1)
The electric eel shoots out a bolt of lightning at you!
The bolt of electricity hits you!
The electric eel shoots out a bolt of lightning at you!
The bolt of electricity misses you.
The electric eel shoots out a bolt of lightning at you!
The bolt of electricity hits you.
You hit the electric eel. You burn the electric eel.
The electric eel is heavily wounded.
The electric eel shoots out a bolt of lightning at you!
The bolt of electricity hits you!
You miss the electric eel. Your bite misses the electric eel.
The electric eel is heavily wounded.
You hit the electric eel but do no damage.
You bite the electric eel. You drain its power.
You feel invigorated.
The electric eel is severely wounded.
You hit the electric eel. You burn the electric eel. You bite the electric eel.
You kill the electric eel!
Kikubaaqudgha accepts your kill.
You feel your strength returning.
HP restored.
You enter the shallow water.
Moving in this stuff is going to be slow.
You enter the shallow water.
Moving in this stuff is going to be slow.
You enter the shallow water.
Moving in this stuff is going to be slow. 2 electric eels come into view.
There are monsters nearby!
There are monsters nearby!
Found a scroll labelled HUOJOL WIUN.
The electric eel shoots out a bolt of lightning at you!
The bolt of electricity hits the plant.
The plant begins to die.
The bolt of electricity misses you.
A nearby plant withers and dies.
The electric eel shoots out a bolt of lightning at you!
The bolt of electricity misses you.
The electric eel shoots out a bolt of lightning at you!
The bolt of electricity hits you!
The bolt of electricity hits the plant!
The plant begins to die.
The electric eel shoots out a bolt of lightning at you!
The bolt of electricity hits you.
The electric eel shoots out a bolt of lightning at you!
The bolt of electricity hits the plant!
The bolt of electricity hits you! x2
* * * LOW HITPOINT WARNING * * *
A nearby plant withers and dies.
The electric eel shoots out a bolt of lightning at you!
The bolt of electricity hits the plant!
The plant begins to die.
The bolt of electricity hits the plant!
The plant begins to die.
The bolt of electricity hits you!
* * * LOW HITPOINT WARNING * * *
Okay, then.
The electric eel shoots out a bolt of lightning at you!
The bolt of electricity hits you!
* * * LOW MAGIC WARNING * * *;
* * * LOW HITPOINT WARNING * * *
The electric eel shoots out a bolt of lightning at you!
The bolt of electricity hits the plant! x2; The plant begins to die.
The bolt of electricity hits you!
* * * LOW MAGIC WARNING * * *
You die...
Kikubaaqudgha rasps: "You have failed me!
Welcome... death!"

##### ######PPPP#
#...~~~~~P. #..S~~PP♣~~
#.#.~♣♣♣♣ ## #.#.~♣♣ .##
##..P~P♣ ..## #....P♣♣
...## ####@..P~♣P #...##
####......P~PS~~
#....#####.....##?....PP~
...#..#.....#####........
...##.......## ##.......
....#.....<..... ......?
....#............ .......
#.......................
####..<...........


You could see 2 electric eels.

Vanquished Creatures
  A troll (D:5)
  A water moccasin (D:6)
  A sky beast (D:6)
  A black bear (D:6)
  An ogre (D:5)
  A phantom (D:4)
  A kobold brigand (D:5)
  2 necrophages
  2 scorpions
  5 water moccasin zombies (Ossuary)
  2 electric eels (D:6)
  A howler monkey (D:6)
  5 hounds
  An orc priest (D:5)
  A jelly (D:5)
  6 iguanas
  3 orc wizards (D:3)
  3 mummies
  Robin (D:3)
  7 adders
  2 ufetubi
  4 adder zombies (Ossuary)
  2 worms (D:2)
  A dart slug (D:2)
  13 orcs
  8 ball pythons
  13 endoplasms
  A giant cockroach (D:4)
  5 gnoll zombies (Ossuary)
  16 goblins
  12 hobgoblins
  10 kobolds
  3 quokkas
  3 bats
  5 frilled lizards
  4 hobgoblin zombies (Ossuary)
  8 kobold zombies (Ossuary)
  2 orc zombies (Ossuary)
  9 rats
167 creatures vanquished.

Vanquished Creatures (others)
  7 plants
7 creatures vanquished.

Grand Total: 174 creatures vanquished

Notes
Turn   | Place    | Note
-------+----------+-------------------------------------------
     0 | D:1      | sleeves the Vine Stalker Brigand began the quest for the
                  | Orb.
     0 | D:1      | Reached XP level 1. HP: 11/11 MP: 2/2
   236 | D:1      | Reached skill level 5 in Stealth
   274 | D:1      | Reached skill level 2 in Short Blades
   290 | D:1      | HP: 4/11 [endoplasm (3)]
   296 | D:1      | Reached XP level 2. HP: 6/15 MP: 1/3
   297 | D:1      | HP: 5/15 [rat (2)]
   538 | D:1      | Reached XP level 3. HP: 18/18 MP: 4/4
   687 | D:2      | Found a faded altar of an unknown god.
   730 | D:2      | Noticed a scorpion
   785 | D:2      | Killed a scorpion
   786 | D:2      | Reached skill level 3 in Short Blades
   786 | D:2      | Reached skill level 6 in Stealth
   786 | D:2      | Gained mutation: Your natural rate of healing is unusually
                  | fast. [Vine Stalker growth]
   786 | D:2      | Reached XP level 4. HP: 23/23 MP: 5/5
   935 | D:2      | Reached XP level 5. HP: 26/26 MP: 6/6
  1023 | D:2      | Learned a level 3 spell: Confusing Touch
  1947 | D:3      | Reached skill level 1 in Hexes
  2073 | D:3      | Found an ancient bone altar of Kikubaaqudgha.
  2209 | D:3      | Reached skill level 7 in Stealth
  2239 | D:3      | Noticed Robin
  2257 | D:3      | Reached XP level 6. HP: 30/30 MP: 7/7
  2298 | D:3      | Killed Robin
  2365 | D:3      | Found a runed translucent gate.
  2365 | D:3      | Found a runed translucent gate.
  2365 | D:3      | Found a runed translucent gate.
  2371 | D:3      | Noticed Darkkill's ghost (amateur HuHu)
  2378 | D:3      | Found a bloodstained altar of Trog.
  2537 | D:3      | Reached skill level 4 in Short Blades
  2544 | D:3      | Found a hazy altar of Hepliaklqana.
  2888 | D:4      | Reached skill level 2 in Hexes
  3049 | D:4      | Reached XP level 7. HP: 34/34 MP: 8/8
  3171 | D:4      | Reached skill level 3 in Hexes
  3500 | D:5      | Entered Level 5 of the Dungeon
  3511 | D:5      | Reached skill level 8 in Stealth
  3561 | D:5      | Found a sand-covered staircase.
  3575 | Ossuary  | Entered an ossuary
  3703 | Ossuary  | Reached skill level 5 in Short Blades
  3720 | Ossuary  | Gained mutation: You have razor-sharp teeth. [Vine Stalker
                  | growth]
  3720 | Ossuary  | Reached XP level 8. HP: 37/38 MP: 9/9
  3729 | Ossuary  | Reached skill level 4 in Hexes
  3832 | D:5      | Noticed a troll
  3907 | D:5      | Reached skill level 9 in Stealth
  3928 | D:5      | HP: 16/38 [orc priest/divine providence (7)]
  4055 | D:5      | Found a staircase to the Ecumenical Temple.
  4104 | Temple   | Entered the Ecumenical Temple
  4104 | Temple   | Found a transporter.
  4104 | Temple   | Found a transporter.
  4106 | Temple   | Found a transporter.
  4106 | Temple   | Found a transporter.
  4203 | D:3      | Became a worshipper of Kikubaaqudgha
  4221 | D:4      | Learned a level 3 spell: Vampiric Draining
  4466 | D:5      | Killed a troll
  4467 | D:5      | Reached skill level 6 in Short Blades
  4467 | D:5      | Reached skill level 5 in Hexes
  4771 | D:6      | Reached skill level 10 in Stealth
  4798 | D:6      | Reached XP level 9. HP: 42/42 MP: 10/10
  4824 | D:6      | Reached skill level 6 in Hexes
  5042 | D:6      | HP: 19/42 [poisoned by a water moccasin]
  5044 | D:6      | HP: 8/42 [poisoned by a water moccasin]
  5046 | D:6      | Reached skill level 1 in Necromancy
  5047 | D:6      | HP: 3/42 [poisoned by a water moccasin]
  5052 | D:6      | HP: 5/42 [poisoned by a water moccasin]
  5310 | D:6      | Found an ornate altar of the Wu Jian Council.
  5514 | D:6      | HP: 16/42 [electric eel/bolt of electricity (14)]
  5518 | D:6      | HP: 7/42 [electric eel/bolt of electricity (8)]
  5518 | D:6      | Killed from afar by an electric eel

Illustrated notes

Levels and vault maps discovered:
D:1:      dpeg_arrival_water_fire, layout_rooms
D:2:      layout_basic, nicolae_ecumenical_oubliette,
          nicolae_figureground_sparkle
D:3:      layout_loops_ring, lemuel_doored_altar, amcnicky_altar_gilded,
          mainiacjoe_overflow_boulevard, ebering_ghost_rock_garden,
          chequers_big_river, uniq_robin
D:4:      layout_basic
D:5:      layout_loops_ring, minmay_temple_entry_slanted,
          gup_ossuary_entry_pyramid, corexii_checkpoint_b
D:6:      layout_cave_pods, nzn_wu_jian_council_hall, serial_bayou,
          serial_bayou_lake_a, serial_bayou_ford_a, serial_bayou_pond_d,
          serial_bayou_crossing, serial_bayou_pond_c
Temple:   hellmonk_temple_divided_pantheon

Skill      XL: |  1  2  3  4  5  6  7  8  9 |
---------------+----------------------------+-----
Stealth        | 5 6 7 8 10 | 10.9
Short Blades   | 2 3 4 5 6 |  6.0
Hexes          | 1 2 3 5 6 |  6.3
Necromancy     | 1 |  1.7
Fighting       | |  1.7
Throwing       | |  1.7
Dodging        | |  0.7

Action                   |  1- 3 |  4- 6 |  7- 9 || total
-------------------------+-------+-------+-------++-------
Melee: Dagger            |    45 |    99 |       ||   144
       Bite              |     5 |    45 |    90 ||   140
       Punch             |     1 |     2 |     5 ||     8
       Short sword       |       |   117 |   287 ||   404
Throw: Dart              |     3 |     7 |       ||    10
       Boomerang         |       |     5 |       ||     5
 Cast: Confusing Touch   |       |       |     1 ||     1
Evoke: Wand              |       |       |     3 ||     3
  Use: Potion            |       |       |     1 ||     1
 Stab: Sleeping          |     7 |     6 |    16 ||    29
       Paralysed         |       |       |     2 ||     2
       Confused          |       |       |     1 ||     1
Armor: Robe              |    12 |       |       ||    12
       Ring mail         |       |    81 |    72 ||   153
       Troll leather arm |       |       |    12 ||    12
Dodge: Dodged            |    14 |    85 |   124 ||   223

Table legend: (Time is in decaauts)
 A = Elapsed time spent in this place.
 B = Non-inter-level travel time spent in this place.
 C = Inter-level travel time spent in this place.
 D = Time resting spent in this place.
 E = Time spent auto-exploring this place.
 F = Levels seen in this place.
 G = Mean time per level.
                   A        B        C        D        E       F      G
               +--------+--------+--------+--------+--------+-----+--------+
         Total |   5442 |   5061 |    381 |     50 |   3563 |   8 |  680.2 |
       Dungeon |   5224 |   4854 |    370 |     50 |   3483 |   6 |  870.7 |
        Temple |     37 |     27 |     10 |      0 |      6 |   1 |   37.0 |
       Ossuary |    180 |    180 |      0 |      0 |     74 |   1 |  180.0 |
               +--------+--------+--------+--------+--------+-----+--------+

Top non-repeatable levels by time:
     D:2: 1041 daAuts
     D:3: 996 daAuts
     D:5: 834 daAuts
     D:6: 818 daAuts
     D:4: 785 daAuts
     D:1: 747 daAuts
 Ossuary: 180 daAuts
  Temple: 37 daAuts
